 Dungeon Crawl Stone Soup version 0.17-a0-1851-gf12a9eb (webtiles) character file.

241802 TruthSerum the Warrior (level 18, -2/176 HPs)
             Began as a Minotaur Fighter on Sept 19, 2015.
             Was the Champion of Okawaru.
             Killed from afar by a starcursed mass (13 damage)
             ... with an accursed screaming
             ... on level 4 of the Abyss on Sept 20, 2015.
             The game lasted 02:39:40 (30535 turns).

TruthSerum the Warrior (Minotaur Fighter)          Turns: 30535, Time: 02:39:40

Health: -2/176     AC: 32    Str: 31    XL:     18   Next: 66%
Magic:  24/24      EV: 21    Int:  9    God:    Okawaru [******]
Gold:   2628       SH: 18    Dex: 24    Spells: 0 memorised, 17 levels left

rFire  + . .     SeeInvis +     K - +6 eveningstar of Dust {elec, MR++}
rCold  + + +     Clarity  .     h - +1 plate armour of Kleptomania {Str+7 Dex+10 Stlth-}
rNeg   + + +     SustAt   .     b - +2 shield
rPois  +         Gourm    .     c - +2 hat {SInv}
rElec  .         Spirit   .     R - +2 cloak {MR+}
rCorr  .         Warding  .     g - +2 pair of gloves of the Raven {rN+++ MR+ Int+3 Dex-5}
rMut   .         Stasis   .     (no boots)
MR     +++++                    o - amulet of regeneration
Stlth  ..........               J - ring of poison resistance
                                u - ring of Uttif {rC+ rN+ Dex+3}

@: about to teleport, almost entirely resistant to hostile enchantments,
extremely unstealthy
A: retaliatory headbutt, claws 1, horns 2, iridescent scales 1, blurry vision 1,
cold resistance 2, fire resistance 1, slow healing 1, strong 1
a: Heroism, Finesse, Renounce Religion
}: 2/15 runes: barnacled, gossamer


You were on level 4 of the Abyss.
You worshipped Okawaru.
Okawaru was exalted by your worship.
You were very hungry.

You visited 7 branches of the dungeon, and saw 33 of its levels.
You visited the Abyss 1 time.
You also visited: Labyrinth.

You collected 3889 gold pieces.
You spent 1261 gold pieces at shops.

Inventory:

Hand weapons
 K - the +6 eveningstar of Dust (weapon) {elec, MR++}
   (Okawaru gifted it to you on level 1 of the Shoals)

   Occasionally, upon striking a foe, it will discharge some electrical energy
   and cause terrible harm.
   It affects your resistance to hostile enchantments.
 S - the +8 morningstar "Kacrug" {holy, rF+ Int+5}
   (Okawaru gifted it to you on level 2 of the Lair of Beasts)

   It has been blessed by the Shining One to cause great damage to the undead
   and demons.
   It affects your intelligence (+5).
   It protects you from fire.
Missiles
 V - 7 steel javelins (quivered)
Armour
 b - a +2 shield (worn)
 c - a +2 hat of see invisible (worn)
 g - the +2 pair of gloves of the Raven (worn) {rN+++ MR+ Int+3 Dex-5}
   (You found it on level 4 of the Shoals)

   It affects your intelligence (+3).
   It affects your dexterity (-5).
   It renders you almost immune to negative energy.
   It affects your resistance to hostile enchantments.
 h - the +1 plate armour of Kleptomania (worn) {Str+7 Dex+10 Stlth-}
   (You bought it in a shop on level 4 of the Orcish Mines)

   It affects your strength (+7).
   It affects your dexterity (+10).
   It makes you less stealthy.
 R - a +2 cloak of magic resistance (worn)
Jewellery
 o - an amulet of regeneration (around neck)
 u - the ring of Uttif (left hand) {rC+ rN+ Dex+3}
   (You found it on level 4 of the Shoals)

   [ring of positive energy]

   It affects your dexterity (+3).
   It protects you from cold.
   It protects you from negative energy.
 J - a ring of poison resistance (right hand)
 O - an uncursed ring of protection from cold
 Q - an uncursed ring of flight
 W - an uncursed amulet of warding
 X - an uncursed ring of protection from magic
Magical devices
 j - a wand of polymorph (24)
 s - a wand of fire (8)
 y - a wand of cold (8)
 C - a wand of digging (8)
 M - a wand of fireball (11)
 Y - a wand of lightning (9)
Scrolls
 a - 6 scrolls of magic mapping
 i - 5 scrolls of fear
 q - 10 scrolls of teleportation
 t - 10 scrolls of remove curse
 v - 8 scrolls of identify
 x - 4 scrolls of summoning {unknown}
 G - a scroll of enchant armour
 I - 3 scrolls of recharging
 P - 4 scrolls of blinking
 T - 2 scrolls of fog
 U - a scroll of amnesia
Potions
 d - 7 potions of might
 f - 3 potions of magic
 k - 2 potions of lignification
 m - 10 potions of curing
 n - 5 potions of brilliance
 r - 4 potions of agility
 w - 3 potions of invisibility
 z - a potion of cancellation
 A - 3 potions of ambrosia
 B - 5 potions of flight
 E - 3 potions of haste
 F - 2 potions of cure mutation
 N - 2 potions of berserk rage
 Z - a potion of resistance
Comestibles
 e - 18 bread rations
 l - 15 slices of pizza
 p - 6 fruits
 D - 7 beef jerkies
 H - 9 meat rations
 L - 7 chunks of flesh


   Skills:
 + Level 19.1 Fighting
 - Level 16.2 Maces & Flails
 + Level 16.5 Armour
 + Level 13.7 Dodging
 + Level 15.0 Shields
 - Level 10.0 Invocations
 - Level 10.4 Evocations


You had 17 spell levels left.
You didn't know any spells.

Dungeon Overview and Level Annotations

Branches:
Dungeon (10/15)            Temple (1/1) D:5            Lair (8/8) D:9
 Shoals (4/4) Lair:4       Spider (4/4) Lair:4        Slime (0/6) Lair:7
    Orc (4/4) D:10            Elf (2/3) Orc:3

Altars:
Ashenzari
Cheibriados
Dithmenos
Elyvilon
Fedhas
Gozag
Kikubaaqudgha
Makhleb
Nemelex Xobeh
Okawaru
Qazlal
Ru
Sif Muna
Trog
Vehumet
Xom
Yredelemnul
Zin
The Shining One
Beogh

Shops:
D:7 [   D:9 %   Orc:1 [   Orc:4 [(%[   Elf:2 *   Shoals:3 %   Shoals:4 (


Innate Abilities, Weirdness & Mutations

You reflexively headbutt those who attack you in melee.
You have a pair of horns on your head.
You have sharp fingernails.
You are partially covered in iridescent scales (AC +4).
Scrolls take you a little longer to read.
Your flesh is very cold resistant.
Your flesh is heat resistant.
You heal slowly when monsters are visible.
Your muscles are strong. (Str +2)


Message History

A deafening chorus of shrieks assaults your mind!
* * * LOW HITPOINT WARNING * * *
You suddenly lose the ability to move!
You can move again.
Really read with blurry vision while enemies are nearby?
You block the starcursed mass's attack.
The lurking horror explodes!
Your body is wracked with pain!
* * * LOW HITPOINT WARNING * * *
You begin reading the scroll.
You continue reading the scroll.
A cacophony of accursed wailing tears at your sanity!
* * * LOW HITPOINT WARNING * * *
You shrug off the repeated paralysis!
As you read the scroll of teleportation, it crumbles to dust.
You feel strangely unstable.
You feel the power of the Abyss delaying your translocation!
You impale the starcursed mass!!
There is a sudden explosion of sparks!
You destroy the starcursed mass!
A cacophony of accursed wailing tears at your sanity!
You die...

#...### ###.#...#
...........
...#......## #
........ ...... ####
. ##........##@##.###
.
#.......XxwX..X.....
.#......#.XX#.#.#.#.#
...#......XX#####
.......XX.##
........X.###
..........
##......X## ##.... .#


You could see 8 starcursed masses, a tentacled starspawn, a large abomination, a
small abomination and a starspawn tentacle.

Vanquished Creatures
  Saint Roka (Orc:4)
  Nikola (Shoals:3)
  Arachne (Spider:2)
  Jorgrun (Shoals:3)
  A quicksilver dragon (Abyss:4)
  The ghost of ecbois the Warrior, a mighty HOFi of Beogh (Shoals:3)
  Polyphemus (Shoals:4)
  A kraken (Shoals:1)
  The ghost of jejorda2 the Brawler, a mighty TrFi of Okawaru (Shoals:1)
  Roxanne (Spider:4)
  Ilsuiw (Shoals:4)
  Donald (Orc:4)
  Maud (Orc:4)
  A deep elf sorcerer (Elf:2)
  3 emperor scorpions (Spider:4)
  A cacodemon (Abyss:4)
  5 ghost moths
  9 merfolk javelineers
  A minotaur (Lab)
  6 merfolk impalers
  Josephine (Lair:4)
  2 hydras
  3 entropy weavers
  2 catoblepae
  5 merfolk aquamancers
  11 death yaks
  15 dancing weapons (Elf:2)
  3 merfolk avatars
  An alligator snapping turtle (Shoals:4)
  2 orc high priests (Orc:4)
  A hell hog (Abyss:2)
  4 thrashing horrors
  2 wretched stars (Abyss:2)
  13 sea snakes
  19 deep elf knights
  An unseen horror (Abyss:4)
  7 deep elf summoners
  6 harpies
  19 orb spiders
  A hill giant (D:10)
  7 deep elf conjurers
  32 wolf spiders
  A sixfirhy (Abyss:4)
  2 orc knights (Orc:4)
  2 hornets (Spider:4)
  2 orc sorcerers (Orc:4)
  5 fauns
  6 manticores
  4 cyclopes (Shoals:4)
  15 elephants
  A smoke demon (Abyss:4)
  6 water nymphs
  7 griffons
  4 large abominations
  14 spiny frogs
  2 moths of wrath (Spider:4)
  13 sirens
  5 black mambas
  2 torpor snails
  The ghost of MoronicCinamun the Changer, an experienced MfTm of Gozag (D:5)
  An orange demon (Abyss:4)
  9 demonic crawlers
  13 komodo dragons
  An efreet (Abyss:2)
  A freezing wraith (Abyss:2)
  An ancient zyme (Abyss:2)
  2 fire drakes
  2 trolls
  A spriggan druid (Lair:8)
  26 merfolk
  7 polar bears
  11 deep elf priests
  3 raiju (Abyss:2)
  4 wind drakes
  20 jumping spiders
  2 two-headed ogres
  14 snapping turtles
  28 blink frogs
  A raiju (shapeshifter) (Elf:1)
  12 deep elf magi
  6 trapdoor spiders
  A boulder beetle (Spider:3)
  Sigmund (D:6)
  56 redbacks
  14 tarantellas
  3 wraiths (Lair:4)
  8 spriggans (Lair:8)
  28 yaks
  2 basilisks (Lair:1)
  26 deep elf fighters
  Eustachio (D:4)
  A vampire (Abyss:4)
  A warg (Orc:4)
  10 water elementals
  A wyvern (Lair:4)
  12 hippogriffs
  Menkaure (D:6)
  22 water moccasins
  A chaos spawn (Abyss:2)
  38 wolves
  31 orc warriors
  2 ice beasts
  2 small abominations (Abyss:2)
  A necrophage (D:9)
  6 black bears
  14 porcupines
  7 wasps
  A swamp drake (Orc:2)
  An eye of draining (D:10)
  24 spiders
  A phantom (D:9)
  4 centaurs
  9 ogres
  A big kobold (D:7)
  14 crocodiles
  Blork the orc (D:6)
  A wyvern skeleton (D:8)
  A water moccasin skeleton (D:10)
  15 giant frogs
  3 scorpions
  8 killer bees (D:9)
  An electric eel (Spider:1)
  6 crimson imps
  2 wasp zombies
  8 wights
  A starcursed mass (Abyss:4)
  6 hounds
  An iron imp (Orc:2)
  A gnoll shaman (D:8)
  17 jellies
  Crazy Yiuf (D:4)
  28 orc priests
  5 iguanas
  2 centaur skeletons
  A giant frog skeleton (D:10)
  Jessica (D:2)
  12 worker ants
  A spriggan simulacrum (Abyss:2)
  A killer bee zombie (D:5)
  33 orc wizards
  19 sheep
  A hound zombie (D:8)
  15 adders
  13 gnolls
  35 river rats
  3 shadow imps
  A white imp (Orc:2)
  3 oozes
  An adder zombie (D:7)
  A worm (D:4)
  2 adder skeletons
  198 orcs
  2 ball pythons
  9 giant cockroaches
  5 goblins
  7 hobgoblins
  15 kobolds
  2 quokkas
  7 bats
  A giant gecko (D:8)
  3 giant newts
  7 jackals (D:1)
  A jackal skeleton (D:6)
  A quokka skeleton (D:4)
  13 rats
  A fungus (Lair:8)
  A starspawn tentacle (Abyss:4)
  4 tentacles (Shoals:1)
1326 creatures vanquished.

Vanquished Creatures (others)
  A death yak (Shoals:4)
  2 deep elf conjurers (Elf:2)
  A merfolk (Shoals:4)
  A deep elf priest (Elf:2)
  2 redbacks
  2 deep elf fighters (Elf:1)
  A spider (Spider:3)
  2 orcs (Orc:2)
  4 fungi
  A lurking horror (Abyss:4)
  A plant (Shoals:4)
  A starspawn tentacle (Abyss:4)
  72 starspawn tentacle segments (Abyss:4)
  8 tentacles (Shoals:1)
  204 tentacle segments (Shoals:1)
303 creatures vanquished.

Grand Total: 1629 creatures vanquished

Notes
Turn   | Place    | Note
--------------------------------------------------------------
     0 | D:1      | TruthSerum the Minotaur Fighter began the quest for the Orb.
     0 | D:1      | Reached XP level 1. HP: 19/19 MP: 0/0
    88 | D:1      | Reached skill level 4 in Fighting
    92 | D:1      | Reached XP level 2. HP: 21/27 MP: 1/1
   429 | D:1      | Reached XP level 3. HP: 34/34 MP: 2/2
   560 | D:2      | Noticed Jessica
   566 | D:2      | Killed Jessica
   566 | D:2      | Reached skill level 5 in Fighting
   667 | D:2      | Reached XP level 4. HP: 38/42 MP: 3/3
   794 | D:2      | Found an iron altar of Okawaru.
   841 | D:2      | Became a worshipper of Warmaster Okawaru
  1888 | D:3      | Reached XP level 5. HP: 48/48 MP: 4/4
  2223 | D:3      | Found a burning altar of Makhleb.
  2228 | D:3      | Found a basalt altar of Yredelemnul.
  2231 | D:3      | Found a radiant altar of Vehumet.
  2264 | D:4      | Noticed Eustachio
  2276 | D:3      | Reached skill level 1 in Invocations
  2592 | D:4      | Killed Eustachio
  2592 | D:4      | Reached skill level 6 in Fighting
  2592 | D:4      | Reached skill level 5 in Maces & Flails
  2592 | D:4      | Reached XP level 6. HP: 54/57 MP: 4/6
  2622 | D:4      | Noticed an ogre
  2631 | D:4      | HP: 2/57 [ogre/giant spiked club (17)]
  2632 | D:4      | Killed an ogre
  2632 | D:4      | Acquired Okawaru's first power
  2963 | D:4      | Noticed a hippogriff
  2973 | D:4      | Killed a hippogriff
  2973 | D:4      | Reached skill level 5 in Armour
  2973 | D:4      | Reached XP level 7. HP: 25/64 MP: 6/8
  3512 | D:4      | Noticed Crazy Yiuf
  3521 | D:4      | Killed Crazy Yiuf
  3930 | D:5      | Entered Level 5 of the Dungeon
  4022 | D:5      | Found a white marble altar of Elyvilon.
  4042 | D:5      | Found a staircase to the Ecumenical Temple.
  4053 | D:5      | Found a stormy altar of Qazlal.
  4053 | D:5      | Found a sparkling altar of Nemelex Xobeh.
  4070 | D:6      | Noticed Sigmund
  4074 | D:6      | Noticed Menkaure
  4080 | D:6      | Killed Sigmund
  4080 | D:6      | Reached skill level 7 in Fighting
  4085 | D:6      | Killed Menkaure
  4085 | D:6      | Reached XP level 8. HP: 7/73 MP: 7/9
  4314 | D:6      | Found a glowing silver altar of Zin.
  4715 | Temple   | Entered the Ecumenical Temple
  4810 | D:5      | Noticed MoronicCinamun's ghost (experienced MfTm)
  4822 | D:5      | Killed MoronicCinamun's ghost
  4822 | D:5      | Reached skill level 8 in Fighting
  5016 | D:5      | Reached skill level 5 in Invocations
  5180 | D:6      | Reached XP level 9. HP: 38/82 MP: 11/11
  5329 | D:6      | Noticed Blork the orc
  5341 | D:6      | Killed Blork the orc
  5931 | D:7      | Got a slimy great mace
  5937 | D:7      | Identified the +7 great mace of Purpose {holy, rC- Str+2 Stlth+} (You found it on level 7 of the Dungeon)
  6152 | D:7      | Found Ijad Wis's Armour Boutique.
  6174 | D:7      | Reached skill level 9 in Fighting
  6203 | D:7      | Found a deep blue altar of Sif Muna.
  6207 | D:7      | Found a blossoming altar of Fedhas.
  7071 | D:8      | Acquired Okawaru's second power
  7094 | D:8      | Found a shimmering altar of Xom.
  7121 | D:8      | Got a distressingly furry ring mail
  7133 | D:8      | Identified the +3 ring mail of the Valley {Dex+3} (You took it off a gnoll on level 8 of the Dungeon)
  7298 | D:8      | Reached XP level 10. HP: 74/92 MP: 12/14
  7369 | D:8      | Found a shattered altar of Ashenzari.
  7747 | D:9      | Found a staircase to the Lair.
  7858 | D:9      | Reached skill level 10 in Fighting
  7926 | D:9      | Received a gift from Okawaru
  7931 | D:9      | Reached skill level 10 in Maces & Flails
  8231 | D:9      | Found Jyxu's Food Shop.
  8969 | D:10     | Entered Level 10 of the Dungeon
  9042 | D:10     | Noticed a hill giant
  9050 | D:10     | Killed a hill giant
  9050 | D:10     | Reached skill level 10 in Armour
  9190 | D:10     | Found a staircase to the Orcish Mines.
  9592 | Orc:1    | Entered Level 1 of the Orcish Mines
  9913 | Orc:1    | Reached XP level 11. HP: 81/101 MP: 16/16
 10238 | Orc:1    | Found Gel Jeam's Antique Armour Shoppe.
 10359 | Orc:1    | Reached skill level 11 in Maces & Flails
 10768 | Orc:2    | Got a transparent hat
 10775 | Orc:2    | Identified the +1 hat of Rotation {MR- Str+7 Dex+3} (You found it on level 2 of the Orcish Mines)
 11247 | Orc:3    | Found a bloodstained altar of Trog.
 11432 | Orc:3    | Found a roughly hewn altar of Beogh.
 11447 | Orc:3    | Found a staircase to the Elven Halls.
 11931 | Orc:4    | Entered Level 4 of the Orcish Mines
 11994 | Orc:4    | Noticed Maud
 12004 | Orc:4    | Killed Maud
 12099 | Orc:4    | Noticed an orc high priest
 12108 | Orc:4    | Killed an orc high priest
 12115 | Orc:4    | Found a roughly hewn altar of Beogh.
 12217 | Orc:4    | Found a roughly hewn altar of Beogh.
 12222 | Orc:4    | Received a gift from Okawaru
 12343 | Orc:4    | Noticed Donald
 12370 | Orc:4    | Killed Donald
 12370 | Orc:4    | Reached skill level 12 in Fighting
 12429 | Orc:4    | Found a roughly hewn altar of Beogh.
 12522 | Orc:4    | Found a roughly hewn altar of Beogh.
 12551 | Orc:4    | Found a roughly hewn altar of Beogh.
 12552 | Orc:4    | Found Toomucke's Food Emporium.
 12651 | Orc:4    | Noticed Saint Roka
 12715 | Orc:4    | Killed Saint Roka
 12715 | Orc:4    | Received a gift from Okawaru
 12715 | Orc:4    | Reached skill level 10 in Invocations
 12715 | Orc:4    | Reached XP level 12. HP: 64/113 MP: 13/18
 12761 | Orc:4    | Noticed an orc high priest
 12784 | Orc:4    | Received a gift from Okawaru
 12794 | Orc:4    | Reached skill level 1 in Evocations
 12798 | Orc:4    | Killed an orc high priest
 12846 | Orc:4    | Found Soapo's Antique Weapon Boutique.
 12847 | Orc:4    | Found a roughly hewn altar of Beogh.
 12854 | Orc:4    | Found Cuonnoh's Antique Armour Shop.
 12861 | Orc:4    | Bought a smelly plate armour for 672 gold pieces
 12871 | Orc:4    | Identified the cursed +1 plate armour of Kleptomania {Str+7 Dex+10 Stlth-} (You bought it in a shop on level 4 of the Orcish Mines)
 12952 | Orc:4    | Found a roughly hewn altar of Beogh.
 12986 | Orc:4    | Found a roughly hewn altar of Beogh.
 13022 | Orc:4    | Reached skill level 13 in Maces & Flails
 13039 | Orc:4    | Found a roughly hewn altar of Beogh.
 13063 | Orc:4    | Found Qiulido's Armour Shop.
 13068 | Orc:4    | Bought the +1 pair of gloves "Ilober" {rPois} for 289 gold pieces
 13283 | Lair:1   | Entered Level 1 of the Lair of Beasts
 13466 | Lair:1   | Noticed a five-headed hydra
 13473 | Lair:1   | Killed a five-headed hydra
 14301 | Lair:2   | Reached XP level 13. HP: 116/122 MP: 19/19
 14600 | Lair:2   | Received a gift from Okawaru
 14603 | Lair:2   | Got a transparent morningstar {god gift}
 14604 | Lair:2   | Identified the +8 morningstar "Kacrug" {holy, rF+ Int+5} (Okawaru gifted it to you on level 2 of the Lair of Beasts)
 15456 | Lair:3   | Reached skill level 14 in Maces & Flails
 15783 | Lair:4   | Found a stormy altar of Qazlal.
 15838 | Lair:4   | Reached skill level 1 in Dodging
 15862 | Lair:4   | Noticed Josephine
 15873 | Lair:4   | Killed Josephine
 15905 | Lair:4   | Reached skill level 5 in Evocations
 15976 | Lair:4   | Found a staircase to the Shoals.
 16185 | Lair:4   | Received a gift from Okawaru
 16188 | Lair:4   | Reached skill level 5 in Shields
 16197 | Lair:4   | Got a scorched great mace {god gift}
 16366 | Lair:4   | Found a hole to the Spider Nest.
 16660 | Lair:5   | Found an ancient bone altar of Kikubaaqudgha.
 16715 | Lair:5   | Found a labyrinth entrance.
 16737 | Lab      | Entered a labyrinth
 16787 | Lab      | Received a gift from Okawaru
 16965 | Lair:6   | Reached XP level 14. HP: 122/133 MP: 20/20
 16970 | Lair:6   | Received a gift from Okawaru
 16981 | Lair:6   | Reached skill level 5 in Dodging
 17898 | Lair:7   | Found a staircase to the Slime Pits.
 17949 | Lair:7   | Reached skill level 15 in Maces & Flails
 18028 | Lair:7   | Received a gift from Okawaru
 18117 | Lair:7   | Found an ancient bone altar of Kikubaaqudgha.
 18456 | Lair:7   | Reached skill level 15 in Fighting
 18653 | Lair:8   | Entered Level 8 of the Lair of Beasts
 18675 | Lair:8   | Identified a scroll of acquirement
 19630 | Lair:8   | Reached XP level 15. HP: 137/141 MP: 21/21
 19916 | Spider:1 | Entered Level 1 of the Spider Nest
 20105 | Spider:1 | Received a gift from Okawaru
 21209 | Spider:2 | Reached skill level 16 in Fighting
 22008 | Spider:2 | Noticed Arachne
 22023 | Spider:2 | Killed Arachne
 22023 | Spider:2 | Reached skill level 10 in Shields
 22228 | Spider:3 | Received a gift from Okawaru
 22779 | Spider:3 | Gained mutation: Your body sometimes deteriorates upon taking damage. [mutagenic meat]
 22780 | Spider:3 | Gained mutation: You heal slowly when monsters are visible. [mutagenic meat]
 22781 | Spider:3 | Lost mutation: Your body sometimes deteriorates upon taking damage. [mutagenic meat]
 23161 | Spider:4 | Entered Level 4 of the Spider Nest
 23220 | Spider:4 | Reached XP level 16. HP: 88/152 MP: 22/22
 23360 | Spider:4 | Received a gift from Okawaru
 23483 | Spider:4 | Noticed Roxanne
 23704 | Spider:4 | Killed Roxanne
 23713 | Spider:4 | Identified Roxanne's Disquisition on the Shifting Mountains (You took it off Roxanne on level 4 of the Spider Nest)
 23755 | Spider:4 | Reached skill level 10 in Dodging
 24054 | Spider:4 | Gained mutation: You have sharp fingernails. [mutagenic meat]
 24055 | Spider:4 | Gained mutation: Your flesh is heat resistant. [mutagenic meat]
 24056 | Spider:4 | Gained mutation: You are partially covered in iridescent scales (AC +4). [mutagenic meat]
 24057 | Spider:4 | Gained mutation: You are robust (+10% HP). [mutagenic meat]
 24059 | Spider:4 | Gained mutation: Scrolls take you a little longer to read. [mutagenic meat]
 24080 | Spider:4 | Got a gossamer rune of Zot
 24337 | Shoals:1 | Entered Level 1 of the Shoals
 24343 | Shoals:1 | Noticed jejorda2's ghost (mighty TrFi)
 24347 | Shoals:1 | Reached skill level 17 in Fighting
 24371 | Shoals:1 | Killed jejorda2's ghost
 24498 | Shoals:1 | Received a gift from Okawaru
 24507 | Shoals:1 | Got a brightly glowing eveningstar {god gift}
 24516 | Shoals:1 | Identified the +6 eveningstar of Dust {elec, MR++} (Okawaru gifted it to you on level 1 of the Shoals)
 24654 | Shoals:1 | Reached skill level 10 in Evocations
 25591 | Shoals:2 | Received a gift from Okawaru
 25774 | Shoals:2 | Reached XP level 17. HP: 150/177 MP: 23/23
 25931 | Shoals:3 | Noticed Nikola
 25944 | Shoals:3 | Killed Nikola
 26054 | Shoals:3 | Found Ajong's Food Emporium.
 26074 | Shoals:3 | Bought a bread ration for 60 gold pieces
 26074 | Shoals:3 | Bought a meat ration for 60 gold pieces
 26074 | Shoals:3 | Bought a meat ration for 60 gold pieces
 26074 | Shoals:3 | Bought a bread ration for 60 gold pieces
 26074 | Shoals:3 | Bought a meat ration for 60 gold pieces
 26173 | Shoals:3 | Noticed ecbois's ghost (mighty HOFi)
 26200 | Shoals:3 | Killed ecbois's ghost
 26504 | Shoals:4 | Entered Level 4 of the Shoals
 26512 | Shoals:4 | Noticed Ilsuiw
 26520 | Shoals:4 | Noticed Jorgrun
 26535 | Shoals:4 | Noticed Polyphemus
 26557 | Shoals:4 | Killed Polyphemus
 26598 | Shoals:4 | Found Jonedet's Antique Weapon Emporium.
 26611 | Shoals:3 | Killed Jorgrun
 26611 | Shoals:3 | Reached skill level 15 in Armour
 26628 | Shoals:3 | Lost mutation: You are robust (+10% HP). [potion of mutation]
 26628 | Shoals:3 | Gained mutation: Your flesh is cold resistant. [potion of mutation]
 26774 | Shoals:4 | Killed Ilsuiw
 26783 | Shoals:4 | Received a gift from Okawaru
 27033 | Shoals:4 | Reached skill level 18 in Fighting
 27259 | Shoals:4 | Got a warped silver ring
 27261 | Shoals:4 | Identified the ring of Uttif {rC+ rN+ Dex+3} (You found it on level 4 of the Shoals)
 27366 | Shoals:4 | Got a pair of transparent gloves
 27378 | Shoals:4 | Identified the +2 pair of gloves of the Raven {rN+++ MR+ Int+3 Dex-5} (You found it on level 4 of the Shoals)
 27475 | Shoals:4 | Got a scorched ivory ring
 27477 | Shoals:4 | Identified the ring "Aluseid" {+Blink +Inv Str-4 Slay-5 Stlth+} (You acquired it on level 4 of the Shoals)
 27681 | Shoals:4 | Got a barnacled rune of Zot
 28322 | Elf:1    | Entered Level 1 of the Elven Halls
 28736 | Elf:1    | Received a gift from Okawaru
 28742 | Elf:1    | Reached XP level 18. HP: 173/173 MP: 24/24
 28907 | Elf:1    | Gained mutation: Your muscles are strong. (Str +2) [mutagenic meat]
 28908 | Elf:1    | Gained mutation: Your flesh is very cold resistant. [mutagenic meat]
 28909 | Elf:1    | Gained mutation: Armour fits poorly on your strangely shaped body. [mutagenic meat]
 29106 | Elf:1    | Found an ancient bone altar of Kikubaaqudgha.
 29371 | Elf:2    | Found Hinwutun's General Store.
 29655 | Elf:2    | Found a runed gate.
 29655 | Elf:2    | Found a runed gate.
 29655 | Elf:2    | Found a runed gate.
 29784 | Elf:2    | Received a gift from Okawaru
 30087 | Elf:2    | Cast into the Abyss (hand axe of distortion)
 30247 | Abyss:2  | Reached skill level 19 in Fighting
 30262 | Abyss:2  | Received a gift from Okawaru
 30401 | Abyss:3  | Found a shimmering altar of Xom.
 30490 | Abyss:4  | Lost mutation: Armour fits poorly on your strangely shaped body. [a cacodemon]
 30500 | Abyss:4  | Reached skill level 15 in Shields
 30530 | Abyss:4  | Paralysed by accursed screaming for 1 turns
 30535 | Abyss:4  | Killed from afar by a starcursed mass

Vault maps used:
D:1:      dpeg_arrival_prison, kennysheep_doodads, wad_floor_pattern_1,
          hangedman_decor_push
D:2:      lemuel_crystal_altar, serial_forest, infiniplex_forest_lined_2,
          infiniplex_forest_join, infiniplex_forest_lined_4_way,
          infiniplex_forest_clump_large, infiniplex_forest_clump_cross,
          infiniplex_forest_straight_3, infiniplex_forest_lined_room_2,
          infiniplex_forest_corner_2, uniq_jessica
D:3:      grunt_temple_overflow_diamond, first_bread
D:4:      uniq_eustachio, uniq_crazy_yiuf_cottage
D:5:      nicolae_overflow_hidden_temple, elyvilon_altar_1, temple_pool_b
D:6:      kennysheep_mini_moat, uniq_sigmund, uniq_menkaure, uniq_blork_the_orc
D:7:      gammafunk_temple_overflow_statue, serial_shops, shop
D:8:      ashenzari_conservatory_becter, grunt_pizzeria, tgw_xom
D:9:      minmay_lair_entry_lava, serial_shops, shop
D:10:     orc_0_dummy
Temple:   nicolae_temple_no_exploring_needed
Lair:1:   st_stairs_7, grunt_megastairs_2, infiniplex_staircase_pool,
          serial_bayou_shore_b, serial_bayou_shore_b
Lair:4:   minmay_shoals_entry_lonely_mermaid, spider_nest_entry_funnel_web,
          basic_altar, beast_lair_carwin_11, uniq_josephine
Lair:5:   lab_entry_generic, basic_altar
Lair:7:   minmay_slime_entry_jelly_boxes, basic_altar
Lair:8:   minmay_lair_end_enchanted_forest
Shoals:2: st_sunken_huts
Shoals:3: serial_shops, shop, uniq_nikola
Shoals:4: serial_shops, nicolae_shop_temple_entry_statues_fountains,
          shoals_end_simple, shoals_ilsuiw_alternative, uniq_jorgrun,
          uniq_polyphemus
Spider:2: nicolae_spider_cling_halls, uniq_arachne
Spider:3: spider_trap
Spider:4: grunt_spider_rune_island, uniq_roxanne
Orc:1:    serial_shops, nicolae_shop_competitors_out_of_business,
          nicolae_orc_bridge_out
Orc:2:    hangedman_minor_magic
Orc:3:    basic_altar, nicolae_orc_pool_cavern, trog_book
Orc:4:    grunt_orc_community_town_hall, grunt_orc_community_big_house_1,
          grunt_orc_community_big_house_2, grunt_orc_community_house_3,
          grunt_orc_community_house_2, grunt_orc_community_house_2,
          grunt_orc_community_house_2, grunt_orc_community_house_3,
          grunt_orc_community_house_3, basic_altar, bh_open_orc_temple,
          uniq_maud, uniq_donald
Elf:1:    eino_elf_arrival_shootout, basic_altar, minmay_elf_crystal_hexagon
Elf:2:    serial_shops, shop, lemuel_flamethrower_2
Abyss:3:  grunt_abyss_exit_deep_breaths, kb_abyss_rune_zappy,
          evilmike_abyss_exit_glass
Lab:      nicolae_lab_starburst, nicolae_lab_quarters, nicolae_lab_t_cross

Action                   |  1- 3 |  4- 6 |  7- 9 | 10-12 | 13-15 | 16-18 || total
-------------------------+-------+-------+-------+-------+-------+-------++-------
Melee: Flail             |    59 |   140 |   110 |       |       |       ||   309
       Morningstar       |       |       |   136 |   874 |  1101 |   244 ||  2355
       Great mace        |       |       |   117 |    14 |       |       ||   131
       Eveningstar       |       |       |       |       |       |   935 ||   935
Invok: Heroism           |       |       |     2 |     4 |     1 |     1 ||     8
       Finesse           |       |       |       |     2 |     1 |     1 ||     4
  Use: Scroll            |     4 |     4 |    10 |     5 |    12 |     6 ||    41
       Potion            |       |       |       |     4 |       |     5 ||     9
  Eat: Chunk             |       |     7 |    14 |    23 |    32 |    35 ||   111
       Fruit             |       |       |       |       |     7 |     2 ||     9
       Meat ration       |       |       |       |       |       |     2 ||     2
